IL
NEW ORLEANS ZEPHYRS @ IOWA CUBS
07/11/2044
 
TOP OF THE 1ST
New Orleans Zephyrs batting - Pitching for Iowa Cubs : RHP Willie Ramos
Pitching: RHP Willie Ramos
Pinch Hitting: RHB Gavin Helton 0-0: Ball
1-0: Called Strike
1-1: Ground out 5-3 (Groundball, 5, EV 82.5 MPH)
Batting: SHB Ramon Martinez 0-0: Called Strike
0-1: SINGLE (Groundball, 5D, EV 105.6 MPH)
Batting: RHB Alex Gomez 0-0: TRIPLE (Line Drive, 78XD, EV 105.6 MPH)
Ramon Martinez scores
Batting: RHB Chris Lee 0-0: Called Strike
0-1: Ball
1-1: Foul Ball, location: 2F
1-2: Ball
2-2: Ground out 1-3 (Groundball, 34S, EV 70.0 MPH)
Batting: RHB Gebre-Giorgios Tikolo 0-0: Swinging Strike
0-1: Swinging Strike
0-2: Strikes out swinging, 2-3 out at first.
Top of the 1st over - 1 run, 2 hits, 0 errors, 1 left on base; New Orleans 1 - Iowa 0
BOTTOM OF THE 1ST
Iowa Cubs batting - Pitching for New Orleans Zephyrs : RHP Jose Velez
Pitching: RHP Jose Velez
Now at 3B: Gavin Helton
Batting: LHB Barend van der Kamp 0-0: Ball
1-0: Ball
2-0: Called Strike
2-1: Called Strike
2-2: Ground out 3-1 (Groundball, 34, EV 104.4 MPH)
Batting: LHB Paul Perry 0-0: Ball
1-0: Called Strike
1-1: Foul Ball, location: 2F
1-2: Ground out 4-3 (Groundball, 4M, EV 110.0 MPH)
Batting: SHB Seung-ho Zhang 0-0: Ground out 6-3 (Groundball, 4MD, EV 84.4 MPH)
Bottom of the 1st over - 0 runs, 0 hits, 0 errors, 0 left on base; New Orleans 1 - Iowa 0
TOP OF THE 2ND
New Orleans Zephyrs batting - Pitching for Iowa Cubs : RHP Willie Ramos
Batting: RHB Jesus Castillo 0-0: Swinging Strike
0-1: Called Strike
0-2: Strikes out looking
Batting: RHB Kyle Ashton 0-0: Swinging Strike
0-1: DOUBLE (Groundball, 3L, EV 102.5 MPH)
Batting: RHB John Jackson 0-0: Ground out 6-3 (Groundball, 6, EV 86.3 MPH)
Batting: RHB Humberto Oros 0-0: Called Strike
0-1: Called Strike
0-2: Ball
1-2: Ball
2-2: Foul Ball, location: 2F
2-2: Ball
3-2: 2-RUN HOME RUN (Flyball, 9D, EV 96.3 MPH), Distance : 377 ft
Batting: RHB Gavin Helton 0-0: Swinging Strike
0-1: Ball
1-1: Swinging Strike
1-2: Ball
2-2: Strikes out looking
Top of the 2nd over - 2 runs, 2 hits, 0 errors, 0 left on base; New Orleans 3 - Iowa 0
BOTTOM OF THE 2ND
Iowa Cubs batting - Pitching for New Orleans Zephyrs : RHP Jose Velez
Batting: RHB Butch Koglin 0-0: Called Strike
0-1: Swinging Strike
0-2: Ball
1-2: Ball
2-2: Foul Ball, location: 2F
2-2: Ball
3-2: Fly out, F8 (Flyball, 78M, EV 86.3 MPH)
Batting: LHB Chris Morgan 0-0: Ball
1-0: Foul Ball, location: 2F
1-1: Ground out 4-3 (Groundball, 4, EV 84.4 MPH)
Batting: LHB Rich Atterberry 0-0: Ball
1-0: Ball
2-0: Foul Ball, location: 2F
2-1: Called Strike
2-2: Ground out 4-3 (Groundball, 4, EV 100.6 MPH)
Bottom of the 2nd over - 0 runs, 0 hits, 0 errors, 0 left on base; New Orleans 3 - Iowa 0
TOP OF THE 3RD
New Orleans Zephyrs batting - Pitching for Iowa Cubs : RHP Willie Ramos
Batting: SHB Ramon Martinez 0-0: Ground out 6-3 (Groundball, 6, EV 88.8 MPH)
Batting: RHB Alex Gomez 0-0: Ball
1-0: Ball
2-0: Ball
3-0: Base on Balls
Batting: RHB Chris Lee 0-0: Swinging Strike
0-1: Called Strike
0-2: Ball
1-2: Strikes out swinging
Batting: RHB Gebre-Giorgios Tikolo 0-0: Ball
1-0: Foul Ball, location: 2F
1-1: Foul Ball, location: 2F
1-2: Strikes out swinging
Top of the 3rd over - 0 runs, 0 hits, 0 errors, 1 left on base; New Orleans 3 - Iowa 0
BOTTOM OF THE 3RD
Iowa Cubs batting - Pitching for New Orleans Zephyrs : RHP Jose Velez
Batting: RHB Pat Barton 0-0: Ball
1-0: Fly out, F8 (Line Drive, 8LD, EV 93.8 MPH)
Batting: LHB Jose Mojica 0-0: Called Strike
0-1: Ground out 2-3 (Groundball, 15S, EV 70.6 MPH)
Batting: RHB Peter Croston 0-0: Ball
1-0: Ball
2-0: Ball
3-0: Base on Balls
Batting: LHB Barend van der Kamp 0-0: Called Strike
0-1: Foul Ball, location: 2F
0-2: Strikes out swinging
Bottom of the 3rd over - 0 runs, 0 hits, 0 errors, 1 left on base; New Orleans 3 - Iowa 0
TOP OF THE 4TH
New Orleans Zephyrs batting - Pitching for Iowa Cubs : RHP Willie Ramos
Batting: RHB Jesus Castillo 0-0: Called Strike
0-1: Ball
1-1: Fly out, F8 (Line Drive, 8LM, EV 98.8 MPH)
Batting: RHB Kyle Ashton 0-0: Foul Ball, location: 2F
0-1: Called Strike
0-2: Strikes out swinging
Batting: RHB John Jackson 0-0: Foul Ball, location: 2F
0-1: Called Strike
0-2: Fly out, F8 (Flyball, 8LD, EV 99.4 MPH)
Top of the 4th over - 0 runs, 0 hits, 0 errors, 0 left on base; New Orleans 3 - Iowa 0
BOTTOM OF THE 4TH
Iowa Cubs batting - Pitching for New Orleans Zephyrs : RHP Jose Velez
Batting: LHB Paul Perry 0-0: Swinging Strike
0-1: Ball
1-1: SINGLE (Groundball, 5S, EV 66.3 MPH) (infield hit)
Batting: SHB Seung-ho Zhang 0-0: Ball
1-0: Called Strike
1-1: Ball
2-1: Called Strike
2-2: Strikes out swinging
Paul Perry is caught stealing 2nd base 2-6
Batter strikes out.
Batting: RHB Butch Koglin 0-0: Ball
1-0: Swinging Strike
1-1: Ball
2-1: Swinging Strike
2-2: Ball
3-2: Ground out 6-3 (Groundball, 6, EV 76.3 MPH)
Bottom of the 4th over - 0 runs, 1 hit, 0 errors, 0 left on base; New Orleans 3 - Iowa 0
TOP OF THE 5TH
New Orleans Zephyrs batting - Pitching for Iowa Cubs : RHP Willie Ramos
Batting: RHB Humberto Oros 0-0: Ball
1-0: Called Strike
1-1: Called Strike
1-2: Strikes out swinging
Batting: RHB Gavin Helton 0-0: Ball
1-0: Swinging Strike
1-1: Called Strike
1-2: Ball
2-2: Strikes out swinging
Pitching: RHP Pat Stone
Batting: SHB Ramon Martinez 0-0: Ball
1-0: Ball
2-0: Called Strike
2-1: SINGLE (Groundball, 34D, EV 103.8 MPH)
Batting: RHB Alex Gomez 0-0: Called Strike
Ramon Martinez steals 2nd base
0-1: Ball
1-1: Fly out, F8 (Line Drive, 8RM, EV 94.4 MPH)
Top of the 5th over - 0 runs, 1 hit, 0 errors, 1 left on base; New Orleans 3 - Iowa 0
BOTTOM OF THE 5TH
Iowa Cubs batting - Pitching for New Orleans Zephyrs : RHP Jose Velez
Batting: LHB Chris Morgan 0-0: Ball
1-0: Ball
2-0: Foul Ball, location: 2F
2-1: Ball
3-1: Base on Balls
Batting: LHB Rich Atterberry 0-0: Ball
1-0: 2-RUN HOME RUN (Flyball, 9D, EV 102.5 MPH), Distance : 372 ft
Batting: RHB Pat Barton 0-0: Ball
1-0: Called Strike
1-1: Ground out U3 (Groundball, 3, EV 108.1 MPH)
Batting: LHB Jose Mojica 0-0: SINGLE (Flyball, 9LS, EV 91.3 MPH)
Batting: RHB Peter Croston 0-0: Ball
1-0: Called Strike
1-1: Ball
2-1: Called Strike
2-2: Grounds into double play, 5-4-3 (Groundball, 56, EV 96.3 MPH)
Bottom of the 5th over - 2 runs, 2 hits, 0 errors, 0 left on base; New Orleans 3 - Iowa 2
TOP OF THE 6TH
New Orleans Zephyrs batting - Pitching for Iowa Cubs : RHP Pat Stone
Batting: RHB Chris Lee 0-0: Ground out 6-3 (Groundball, 6M, EV 86.3 MPH)
Batting: RHB Gebre-Giorgios Tikolo 0-0: Called Strike
0-1: Ball
1-1: Ball
2-1: SINGLE (Flyball, 34D, EV 97.5 MPH)
Batting: RHB Jesus Castillo 0-0: Ball
1-0: Foul Ball, location: 2F
1-1: SINGLE (Flyball, 56D, EV 92.5 MPH)
Gebre-Giorgios Tikolo to second
Batting: RHB Kyle Ashton 0-0: Called Strike
0-1: Ball
1-1: Foul Ball, location: 2F
1-2: Ball
2-2: Foul Ball, location: 2F
2-2: Foul Ball, location: 2F
2-2: Ball
3-2: Base on Balls
Gebre-Giorgios Tikolo to third
Jesus Castillo to second
Batting: RHB John Jackson 0-0: Ball
1-0: Ball
Wild Pitch!
Gebre-Giorgios Tikolo scores
Jesus Castillo to third
Kyle Ashton to second
2-0: Called Strike
2-1: Swinging Strike
2-2: Ball
3-2: Base on Balls
Batting: RHB Humberto Oros 0-0: Foul Ball, location: 2F
0-1: SINGLE (Groundball, 5L, EV 100.0 MPH)
Jesus Castillo scores
Kyle Ashton to third
John Jackson to second
Batting: RHB Gavin Helton 0-0: SINGLE (Groundball, 34, EV 103.1 MPH) (infield hit)
Kyle Ashton scores
John Jackson to third
Humberto Oros to second
Pitching: RHP Gabe Wagner
Batting: SHB Ramon Martinez 0-0: Ball
1-0: Foul Ball, location: 2F
1-1: Ball
Wild Pitch!
John Jackson scores
Humberto Oros to third
Gavin Helton to second
2-1: Ball
3-1: Base on Balls
Batting: RHB Alex Gomez 0-0: Foul Ball, location: 2F
0-1: Ball
1-1: Ball
2-1: Ball
3-1: Called Strike
3-2: Base on Balls
Humberto Oros scores
Gavin Helton to third
Ramon Martinez to second
Batting: RHB Chris Lee 0-0: Ball
1-0: Foul Ball, location: 2F
1-1: Foul Ball, location: 2F
1-2: Ball
2-2: Ball
3-2: Strikes out swinging
Batting: RHB Gebre-Giorgios Tikolo 0-0: Ball
1-0: Called Strike
1-1: Swinging Strike
1-2: Strikes out looking
Top of the 6th over - 5 runs, 4 hits, 0 errors, 3 left on base; New Orleans 8 - Iowa 2
BOTTOM OF THE 6TH
Iowa Cubs batting - Pitching for New Orleans Zephyrs : RHP Jose Velez
Batting: LHB Barend van der Kamp 0-0: Ball
1-0: Ball
2-0: Ball
3-0: Called Strike
3-1: Base on Balls
Pitching: RHP Al Mendoza
Batting: LHB Paul Perry 0-0: Swinging Strike
0-1: Ball
Barend van der Kamp steals 2nd base
1-1: Fly out, F7 (Flyball, 7D, EV 96.3 MPH)
Runner from 2nd tags up, SAFE at 3rd, no throw by LF
Batting: SHB Seung-ho Zhang 0-0: Fly out, F8 (Flyball, 8LD, EV 99.4 MPH)
Runner from 3rd tags up, SCORES, no throw by CF
Batting: RHB Butch Koglin 0-0: Ball
1-0: Fly out, F7 (Flyball, 7D, EV 96.3 MPH)
Bottom of the 6th over - 1 run, 0 hits, 0 errors, 0 left on base; New Orleans 8 - Iowa 3
TOP OF THE 7TH
New Orleans Zephyrs batting - Pitching for Iowa Cubs : RHP Gabe Wagner
Batting: RHB Jesus Castillo 0-0: Foul Ball, location: 2F
0-1: Ball
1-1: Ball
2-1: Swinging Strike
2-2: Ball
3-2: Strikes out looking
Batting: RHB Kyle Ashton 0-0: Swinging Strike
0-1: Swinging Strike
0-2: Strikes out looking
Batting: RHB John Jackson 0-0: SINGLE (Groundball, 56D, EV 100.0 MPH) (infield hit)
Batting: RHB Humberto Oros 0-0: Ball
1-0: Foul Ball, location: 2F
1-1: Called Strike
1-2: Ball
2-2: SINGLE (Groundball, 56S, EV 62.5 MPH) (infield hit)
John Jackson to second
Batting: RHB Gavin Helton 0-0: Called Strike
0-1: Fly out, F6 (Line Drive, 6, EV 70.6 MPH)
Top of the 7th over - 0 runs, 2 hits, 0 errors, 2 left on base; New Orleans 8 - Iowa 3
BOTTOM OF THE 7TH
Iowa Cubs batting - Pitching for New Orleans Zephyrs : RHP Al Mendoza
Batting: LHB Chris Morgan 0-0: Ball
1-0: SOLO HOME RUN (Flyball, 9D, EV 94.4 MPH), Distance : 369 ft
Batting: LHB Rich Atterberry 0-0: Foul Ball, location: 2F
0-1: Ball
1-1: Foul Ball, location: 2F
1-2: SINGLE (Groundball, 34D, EV 103.8 MPH)
Batting: RHB Pat Barton 0-0: Called Strike
0-1: Foul Ball, location: 2F
0-2: Ball
1-2: Ball
2-2: SINGLE (Line Drive, 7S, EV 108.1 MPH)
Rich Atterberry to second
Batting: LHB Jose Mojica 0-0: Called Strike
0-1: Ball
1-1: Called Strike
1-2: Ball
2-2: Strikes out swinging
Pinch Hitting: SHB Gerardo Flores 0-0: Called Strike
0-1: Ball
1-1: Swinging Strike
1-2: Strikes out swinging
Batting: LHB Barend van der Kamp 0-0: Called Strike
0-1: Ball
1-1: Ball
2-1: Ball
3-1: 3-RUN HOME RUN (Line Drive, 89XD, EV 102.5 MPH), Distance : 412 ft
Pitching: RHP David Laska
Batting: LHB Paul Perry 0-0: Ball
1-0: Called Strike
1-1: Ground out 5-3 (Groundball, 56, EV 102.5 MPH)
Bottom of the 7th over - 4 runs, 4 hits, 0 errors, 0 left on base; New Orleans 8 - Iowa 7
TOP OF THE 8TH
New Orleans Zephyrs batting - Pitching for Iowa Cubs : RHP Gabe Wagner
Pitching: RHP Joe Pate
Now at 3B: Nick Chandler
Batting: SHB Ramon Martinez 0-0: SINGLE (Line Drive, 8LS, EV 90.6 MPH)
Batting: RHB Alex Gomez 0-0: Called Strike
Ramon Martinez steals 2nd base (no throw)
0-1: Ball
1-1: SINGLE (Line Drive, 9S, EV 105.0 MPH)
Ramon Martinez to third
Runner from 3rd tries for Home, SAFE, throw by RF to home
Batting: RHB Chris Lee 0-0: Ball
1-0: Fly out, F1 (Popup, P, EV 69.4 MPH)
Batting: RHB Gebre-Giorgios Tikolo 0-0: Ball
1-0: Fielders Choice at 2nd, 6-4 (Groundball, 6, EV 90.0 MPH)
Pitching: RHP Bryant Bradley
Batting: RHB Jesus Castillo 0-0: Called Strike
0-1: SINGLE (Groundball, 6MD, EV 107.5 MPH)
Gebre-Giorgios Tikolo to second
Runner from 2nd tries for 3rd, SAFE, throw by CF made to third
Batting: RHB Kyle Ashton 0-0: Called Strike
0-1: Fly out, F4 (Popup, 34, EV 71.3 MPH)
Top of the 8th over - 1 run, 3 hits, 0 errors, 2 left on base; New Orleans 9 - Iowa 7
BOTTOM OF THE 8TH
Iowa Cubs batting - Pitching for New Orleans Zephyrs : RHP David Laska
Now at 1B: Greg Herzig
Now in RF: Gebre-Giorgios Tikolo
Batting: SHB Seung-ho Zhang 0-0: Called Strike
0-1: Foul Ball, location: 2F
0-2: Foul Ball, location: 2F
0-2: Foul Ball, location: 2F
0-2: Ball
1-2: Strikes out looking
Batting: RHB Butch Koglin 0-0: Ball
1-0: Ball
2-0: SINGLE (Groundball, 56S, EV 95.6 MPH)
Batting: LHB Chris Morgan 0-0: SINGLE (Groundball, 34D, EV 101.3 MPH)
Butch Koglin to second
Pitching: RHP Mike Powell
Batting: LHB Rich Atterberry 0-0: Ball
1-0: Ball
2-0: SINGLE (Line Drive, 7LS, EV 96.9 MPH)
Butch Koglin to third
Chris Morgan to second
Pinch Hitting: LHB J.D. Brenner 0-0: Ball
1-0: Ball
2-0: Ball
3-0: Base on Balls
Butch Koglin scores
Chris Morgan to third
Rich Atterberry to second
Batting: LHB Jose Mojica 0-0: GRAND SLAM HOME RUN (Flyball, 89XD, EV 106.9 MPH), Distance : 397 ft
Pitching: RHP Campbell Wagenmakers
Batting: SHB Nick Chandler 0-0: Called Strike
0-1: Ball
1-1: Called Strike
1-2: Ground out 4-3 (Groundball, 4, EV 96.3 MPH)
Batting: LHB Barend van der Kamp 0-0: Ball
1-0: DOUBLE (Line Drive, 78D, EV 106.3 MPH)
Batting: LHB Paul Perry 0-0: Ball
1-0: Ground out 6-3 (Groundball, 6, EV 105.0 MPH)
Bottom of the 8th over - 5 runs, 5 hits, 0 errors, 1 left on base; New Orleans 9 - Iowa 12
TOP OF THE 9TH
New Orleans Zephyrs batting - Pitching for Iowa Cubs : RHP Bryant Bradley
Pitching: LHP Shane Stratton
Now at 2B: Shintaro Katsumata
Batting: RHB John Jackson 0-0: Called Strike
0-1: Ball
1-1: Ball
2-1: Called Strike
2-2: Ground out 4-3 (Groundball, 4, EV 86.3 MPH)
Batting: RHB Humberto Oros 0-0: Called Strike
0-1: Ball
1-1: Ball
2-1: Foul Ball, location: 2F
2-2: Ground out U3 (Groundball, 3, EV 83.8 MPH)
Batting: RHB Gavin Helton 0-0: DOUBLE (Line Drive, 9LM, EV 99.4 MPH)
Batting: SHB Ramon Martinez 0-0: Ground out 6-3 (Groundball, 6, EV 95.0 MPH)
Top of the 9th over - 0 runs, 1 hit, 0 errors, 1 left on base; New Orleans 9 - Iowa 12
Thursday, March 31st , 2022 - OOTP Baseball 22.12 Build 89